 Dungeon Crawl Stone Soup version 0.26-a0-812-g31a745ddcd (webtiles) character file.

Game seed: 9625048593155445413

28519 MalarOregon the Spear-Bearer (level 13, -29/107 HPs)
             Began as a Yellow Draconian Monk on Nov 13, 2020.
             Was an Elder of Elyvilon.
             Engulfed by a cloud of freezing vapour (39 damage)
             ... in an ice cave on Nov 14, 2020.
             The game lasted 01:01:26 (24901 turns).

MalarOregon the Spear-Bearer (DrMo)                Turns: 24901, Time: 01:01:26

Health: -29/107    AC: 12    Str: 15    XL:     13   Next: 10%
Magic:  19/19      EV: 20    Int: 14    God:    Elyvilon [****..]
Gold:   1079       SH:  0    Dex: 14    Spells: 7/20 levels left

rFire    . . .     SeeInvis .   D - +5 scythe "Finisher" {speed, eviscerate}
rCold    . . .     Faith    .   (shield currently unavailable)
rNeg     . . .     Spirit   .   (armour unavailable)
rPois    .         Reflect  .   (helmet restricted)
rElec    .         Harm     .   r - +2 cloak
rCorr    +         Rampage  .   z - +0 pair of gloves
MR       .....                  (no boots)
Stlth    +++.......             (no amulet)
HPRegen  0.27/turn              A - +4 ring of evasion
MPRegen  0.16/turn              s - ring of wizardry

@: protection, slowed, very slow
A: spit acid, unfitting armour, cold-blooded, acid resistance, AC +8
a: Breathe Acid, Lesser Healing, Heal Other, Purification, Greater Healing,
Divine Protection, Renounce Religion


You were in an ice cave.
You worshipped Elyvilon.
Elyvilon was greatly pleased with you.
You visited 3 branches of the dungeon, and saw 15 of its levels.
You also visited: Ossuary and Ice Cave.

You collected 1079 gold pieces.

Inventory:

Hand Weapons
 D - the +5 scythe "Finisher" (weapon) {speed, eviscerate}
   (You found it on level 10 of the Dungeon)

   Attacks with this weapon are significantly faster.
Missiles
 h - 61 poisoned darts (quivered)
 k - 4 throwing nets {!f}
Armour
 r - a +2 cloak (worn)
   (You took it off Crazy Yiuf on level 2 of the Dungeon)
 z - a +0 pair of gloves (worn)
   (You found it on level 10 of the Dungeon)
Magical Staves
 u - an uncursed staff of poison
   (You found it on level 7 of the Dungeon)
Jewellery
 s - a ring of wizardry (right hand)
   (You found it on level 5 of the Dungeon)
 A - a +4 ring of evasion (left hand)
   (You found it on level 8 of the Dungeon)
Wands
 c - a wand of disintegration (6)
   (You found it on level 1 of the Lair of Beasts)
 d - a wand of iceblast (5)
   (You found it on level 2 of the Lair of Beasts)
 B - a wand of polymorph (9)
   (You found it on level 9 of the Dungeon)
Scrolls
 g - 6 scrolls of fear
 m - 5 scrolls of teleportation {@r4}
 p - 3 scrolls of amnesia
 q - 3 scrolls of identify {@r1}
 t - 3 scrolls of immolation {!r}
 v - 4 scrolls of remove curse {@r2}
 y - 2 scrolls of blinking
 C - a scroll of magic mapping
Potions
 a - a potion of brilliance
 b - 5 potions of curing {@q1}
 e - 3 potions of mutation {!q}
 f - a potion of berserk rage
 j - 2 potions of flight
 l - 3 potions of haste {@q3}
 n - 4 potions of might
 o - a potion of lignification {!q}
 w - a potion of resistance
 x - a potion of cancellation
 E - 2 potions of attraction {!q}
 F - 3 potions of heal wounds {@q2}
 G - a potion of magic
Miscellaneous
 i - a phial of floods
   (You found it in an ice cave)


   Skills:
 + Level 7.8 Fighting
 * Level 14.9 Polearms
 + Level 6.5 Dodging
 + Level 6.7 Stealth
 - Level 4.0 Spellcasting
 + Level 3.2 Conjurations
 - Level 4.0 Summonings
 - Level 4.0 Transmutations
 - Level 4.0 Fire Magic
 - Level 4.0 Ice Magic
 + Level 3.6 Air Magic
 - Level 4.0 Poison Magic
 - Level 4.0 Invocations
 - Level 4.0 Evocations


You had 7 spell levels left.
You knew the following spells:

 Your Spells              Type           Power        Failure   Level
a - Frozen Ramparts       Ice            ##....       4%          3
b - Ignite Poison         Fire/Tmut/Pois ##......     4%          3
d - Summon Ice Beast      Ice/Summ       ##......     16%         4
f - Mephitic Cloud        Conj/Pois/Air  ##......     5%          3

Your spell library contained the following spells:

 Spells                   Type           Power        Failure   Level
 Freeze                   Ice            ##..         1%          1
 Sting                    Tmut/Pois      ##..         1%          1
 Poisonous Vapours        Pois/Air       ##....       2%          2
 Ozocubu's Armour         Ice            ##......     4%          3
 Olgreb's Toxic Radiance  Pois           ##......     16%         4
 Hailstorm                Conj/Ice       ##......     17%         4


Dungeon Overview and Level Annotations

Branches:
Dungeon (10/15)            Temple (1/1) D:6            Lair (4/6) D:10
  Swamp (0/4) Lair:3        Snake (0/4) Lair:4          Orc (0/2) D:9
Ossuary (visited)           IceCv (1/1)

Altars:
Ashenzari
Cheibriados
Dithmenos
Elyvilon
Fedhas
Gozag
Hepliaklqana
Kikubaaqudgha
Makhleb
Nemelex Xobeh
Okawaru
Qazlal
Ru
Sif Muna
Trog
Uskayaw
Vehumet
Wu Jian
Xom
Yredelemnul
Zin
The Shining One

Shops:
D:9 :

Annotations:
D:8 Gastronok


Innate Abilities, Weirdness & Mutations

You can spit globs of acid.
Your golden yellow scales are hard. (AC +8)
You cannot fit into any form of body armour.
You are cold-blooded and may be slowed by cold attacks.
You are resistant to acid. (rCorr)


Message History

You now have 1079 gold pieces (gained 11).
You enter the shallow water.
Moving in this stuff is going to be slow.
You are engulfed in freezing vapours.
Found a rime drake corpse.
You're standing in a cloud of freezing vapour!
You're standing in a cloud of freezing vapour!
You are engulfed in freezing vapours.
Unknown command.
You are engulfed in freezing vapours.
You feel yourself slow down.
* * * LOW HITPOINT WARNING * * *
You feel yourself speed up.
You enter the shallow water.
Moving in this stuff is going to be slow.
Why would you want to do that? Why would you want to do that?
You start resting.
You enter the shallow water.
Moving in this stuff is going to be slow.
You enter the shallow water.
Moving in this stuff is going to be slow.
You are engulfed in freezing vapours.
You are engulfed in freezing vapours.
You feel yourself slow down.
You start resting.
You are engulfed in freezing vapours.
* * * LOW HITPOINT WARNING * * *
Okay, then.
Okay, then.
Okay, then.
You beseech Elyvilon to protect your life.
You are engulfed in freezing vapours.
You feel as though you will be slow longer.
* * * LOW HITPOINT WARNING * * *
You start resting.
You feel yourself speed up.
Your divine protection fades away.
You are engulfed in freezing vapours.
You feel yourself slow down.
* * * LOW HITPOINT WARNING * * *
Unknown command.
You beseech Elyvilon to protect your life.
You are engulfed in freezing vapours.
Elyvilon protects you from harm!
Unknown command. 4 yaks, 4 polar bears, a rime drake and a frost giant come into view.
The frost giant is wielding a +1 battleaxe of freezing.
You are engulfed in freezing vapours.
You feel as though you will be slow longer.
You die...

#☼°..#
##☼#○#
###°##
##○#
##°#
#°°#
#○##
#°##
##@#
#°#
.○#
..##
..Y


Yhh# YhYk ##Ch# You could see a frost giant (asleep), 4 polar bears, 4 yaks and
a rime drake (asleep).

Vanquished Creatures
  Harold (D:7)
  A death yak (IceCv)
  Pikel (D:7)
  An oklob plant (Lair:1)
  Joseph (D:7)
  A black mamba (Lair:1)
  8 cane toads
  9 komodo dragons
  2 rime drakes
  9 polar bears (IceCv)
  A troll (D:10)
  Sigmund (D:2)
  2 wyverns
  3 basilisks
  8 wraiths
  Eustachio (D:5)
  41 yaks
  Grum (D:8)
  3 vampire mosquitoes (D:9)
  Edmund (D:5)
  5 water moccasins
  Duvessa (D:6)
  2 ice beasts
  A sky beast (D:9)
  3 black bears
  2 phantoms
  3 orc warriors
  2 necrophages
  11 wolves
  3 ogres
  6 centaurs
  A lemure (D:7)
  A big kobold (D:9)
  16 bullfrogs
  2 wyvern skeletons
  Dowan (D:6)
  3 scorpions
  50 killer bees
  A troll zombie (D:7)
  5 wights (D:10)
  3 electric eels
  A bullfrog zombie (D:2)
  3 quasits (D:10)
  4 hounds
  6 orc wizards
  A bullfrog skeleton (D:5)
  8 orc priests
  A centaur skeleton (D:6)
  Crazy Yiuf (D:2)
  3 human zombies (D:7)
  Terence (D:1)
  3 iguanas
  14 worker ants
  A hound zombie (D:10)
  2 hound skeletons
  15 mummies
  A howler monkey zombie (D:5)
  3 worker ant zombies
  7 gnolls
  9 adders
  2 howler monkey skeletons
  14 white imps
  3 ufetubi
  3 oozes
  An adder zombie (D:6)
  3 adder skeletons
  3 worms
  5 dart slugs
  7 leopard geckos
  38 orcs
  2 ball pythons
  12 giant cockroaches
  6 goblins
  8 hobgoblins
  13 jackals
  3 quokkas
  5 bats
  7 frilled lizards
  A gnoll skeleton (Ossuary)
  3 goblin skeletons (Ossuary)
  A jackal zombie (D:6)
  14 kobolds
  2 kobold skeletons (Ossuary)
  A leopard gecko skeleton (D:4)
  2 orc skeletons (Ossuary)
  An orc zombie (D:7)
  7 rats
  11 rat skeletons (Ossuary)
480 creatures vanquished.

Vanquished Creatures (others)
  A rime drake (IceCv)
  2 polar bears (IceCv)
  5 wolves (IceCv)
  A killer bee (Lair:1)
  A worm (D:2)
  A quokka (D:2)
  13 fungi
  14 plants
38 creatures vanquished.

Grand Total: 518 creatures vanquished

Notes
Turn   | Place    | Note
-------+----------+-------------------------------------------
     0 | D:1      | MalarOregon the Draconian Monk began the quest for the Orb.
     0 | D:1      | Reached XP level 1. HP: 19/19 MP: 1/1
   116 | D:1      | Reached XP level 2. HP: 24/26 MP: 2/2
   592 | D:1      | Reached XP level 3. HP: 31/31 MP: 3/3
  1715 | D:2      | Reached XP level 4. HP: 37/40 MP: 4/4
  2115 | D:2      | Found a glowing silver altar of Zin.
  2182 | D:2      | Reached skill level 4 in Polearms
  2195 | D:2      | Noticed Sigmund
  2299 | D:2      | Found a blossoming altar of Fedhas.
  2299 | D:2      | Found a shimmering altar of Xom.
  2479 | D:2      | Found a white marble altar of Elyvilon.
  2484 | D:2      | Became a worshipper of Elyvilon the Healer
  2484 | D:2      | Reached * piety under Elyvilon
  2484 | D:2      | Reached ** piety under Elyvilon
  2531 | D:2      | Found a runed translucent door.
  2532 | D:2      | Noticed Crazy Yiuf
  2769 | D:2      | Reached XP level 5. HP: 46/46 MP: 5/5
  3157 | D:3      | Noticed Terence
  3204 | D:1      | Killed Terence
  3762 | D:3      | Reached XP level 6. HP: 31/53 MP: 6/6
  4042 | D:3      | Reached skill level 5 in Polearms
  4498 | D:4      | Reached skill level 13 in Polearms
  4498 | D:4      | Your scales start taking on a golden yellow colour.
  4498 | D:4      | Reached XP level 7. HP: 60/60 MP: 7/7
  4498 | D:4      | Gained mutation: You are resistant to acid. (rCorr) [Yellow
                  | Draconian growth]
  4567 | D:4      | Reached *** piety under Elyvilon
  5774 | D:2      | Killed Sigmund
  6094 | D:2      | Killed Crazy Yiuf
  6343 | D:5      | Entered Level 5 of the Dungeon
  6352 | D:5      | Reached XP level 8. HP: 67/67 MP: 8/8
  6794 | D:5      | Found a radiant altar of Vehumet.
  6828 | D:5      | Reached **** piety under Elyvilon
  6872 | D:5      | Found a sparkling altar of Nemelex Xobeh.
  6900 | D:5      | Noticed Edmund
  6913 | D:5      | Killed Edmund
  6918 | D:5      | Reached skill level 5 in Fighting
  7061 | D:5      | Noticed Eustachio
  7076 | D:5      | Killed Eustachio
  7076 | D:5      | Reached skill level 1 in Invocations
  7620 | D:6      | Found a glowing golden altar of the Shining One.
  7691 | D:6      | Noticed Duvessa
  7691 | D:6      | Noticed Dowan
  7703 | D:6      | Killed Duvessa
  7712 | D:6      | Killed Dowan
  8005 | D:6      | Reached XP level 9. HP: 72/72 MP: 10/10
  8428 | D:6      | Found a staircase to the Ecumenical Temple.
  8474 | Temple   | Entered the Ecumenical Temple
  8621 | D:7      | Learned a level 3 spell: Frozen Ramparts
  8626 | D:7      | Learned a level 4 spell: Summon Ice Beast
  8662 | D:7      | Noticed Pikel
  8684 | D:7      | Killed Pikel
  8935 | D:7      | Found a shimmering blue altar of Sif Muna.
  8952 | D:7      | Reached skill level 1 in Summonings
  9073 | D:7      | Reached skill level 1 in Spellcasting
  9073 | D:7      | Reached skill level 1 in Ice Magic
  9314 | D:7      | Noticed Harold
  9343 | D:7      | Killed Harold
  9724 | D:7      | Noticed Joseph
  9749 | D:7      | Killed Joseph
  9749 | D:7      | Reached XP level 10. HP: 35/83 MP: 12/12
 10208 | D:7      | Reached ***** piety under Elyvilon
 10246 | D:7      | Learned a level 3 spell: Ignite Poison
 10878 | D:7      | Found an ancient bone altar of Kikubaaqudgha.
 11662 | D:8      | Found a bloodstained altar of Trog.
 11675 | D:8      | Reached skill level 1 in Poison Magic
 11706 | D:8      | Reached skill level 5 in Dodging
 11771 | D:8      | Found a sand-covered staircase.
 11895 | Ossuary  | Entered an ossuary
 12215 | Ossuary  | Reached skill level 1 in Transmutations
 12338 | Ossuary  | Reached skill level 1 in Evocations
 12608 | D:8      | Noticed Gastronok
 12959 | D:8      | Noticed Grum
 12968 | D:8      | Reached skill level 5 in Stealth
 12971 | D:8      | Killed Grum
 14015 | D:9      | Found a staircase to the Orcish Mines.
 14206 | D:9      | Reached skill level 1 in Fire Magic
 14835 | D:9      | Reached XP level 11. HP: 80/88 MP: 14/14
 15617 | D:9      | Reached skill level 14 in Polearms
 16384 | D:9      | Found Widog's Book Boutique.
 16449 | D:9      | Learned a level 3 spell: Mephitic Cloud
 16666 | D:10     | Entered Level 10 of the Dungeon
 17266 | D:10     | Reached skill level 1 in Air Magic
 17596 | D:10     | Reached skill level 1 in Conjurations
 17615 | D:10     | Found the +5 scythe "Finisher" {speed, eviscerate}
 18502 | D:10     | Found a staircase to the Lair.
 18515 | Lair:1   | Entered Level 1 of the Lair of Beasts
 18926 | Lair:1   | Noticed a seven-headed hydra
 18931 | Lair:1   | Pacified a seven-headed hydra
 19362 | Lair:1   | Reached XP level 12. HP: 49/97 MP: 14/17
 19707 | Lair:1   | Found a blossoming altar of Fedhas.
 22862 | Lair:3   | Found a staircase to the Swamp.
 22922 | Lair:3   | You fall into a shaft and drop 1 floor!
 22942 | Lair:4   | Noticed an eight-headed hydra
 22963 | Lair:4   | Found a frozen archway.
 23130 | IceCv    | Entered an ice cave
 23244 | IceCv    | Elyvilon protects you from harm!
 23629 | IceCv    | Noticed a death yak
 23632 | IceCv    | Killed a death yak
 23964 | IceCv    | Reached XP level 13. HP: 94/107 MP: 19/19
 24900 | IceCv    | Elyvilon protects you from harm!
 24901 | IceCv    | Noticed a frost giant
 24901 | IceCv    | Engulfed by a cloud of freezing vapour

Illustrated notes

Levels and vault maps discovered:
D:1:      dpeg_arrival_round_c, layout_loops_ring, minmay_misc_feat_tiny,
          roderic_nine_men_s_morris
D:2:      layout_basic, elyvilon_altar_4, nicolae_overflow_hidden_temple,
          gammafunk_temple_overflow_statue, uniq_crazy_yiuf_cottage,
          uniq_sigmund
D:3:      wander_river, layout_loops_cross, uniq_terence
D:4:      layout_basic
D:5:      layout_gridville, lemuel_round_altar, basic_altar, uniq_edmund,
          uniq_eustachio
D:6:      layout_basic, lemuel_coloured_pillars_altar,
          minmay_temple_entry_offerings, uniq_duvessa
D:7:      layout_loops_ring, lemuel_mausoleum_altar_kikubaaqudgha,
          lemuel_crystal_altar, uniq_joseph, uniq_pikel, uniq_harold
D:8:      layout_gridville, bloody_trog, nicolae_ossuary_entry_false_entrances,
          minmay_manual_mandibuliform, uniq_grum, uniq_gastronok
D:9:      argonaut_augean_stables, layout_rooms, david_orc_3, serial_shops,
          nicolae_shop_statue_plus
D:10:     layout_rooms, erik_lair_dragon, minmay_guarded_unrand_finisher
Temple:   cyrus_circular_temple
Lair:1:   wad_woods_minihive, layout_cave_shapes, fungi_pond_lemuel,
          lemuel_oklob_altar
Lair:2:   layout_small_grid, beast_lair_carwin_8, grunt_megastairs_2,
          infiniplex_staircase_pool
Lair:3:   layout_gridlike, swamp_mist, bobbens_dragon_lair_wall,
          lemuel_fruit_tree, uniq_rupert
Lair:4:   layout_regular_city, dummy_snake_entry, portal_ice_cave_entry_imps,
          kennysheep_abandoned_house
IceCv:    ice_cave_caverns_03

Skill      XL: |  1  2  3  4  5  6  7  8  9 10 11 12 13 |
---------------+----------------------------------------+-----
Stealth        | 2 3 4 5 6 |  6.7
Dodging        | 3 4 5 6 |  6.5
Polearms       | 4 13 14 | 14.9
Fighting       | 4 5 6 7 |  7.8
Invocations    | 1 2 3 4 |  4.0
Summonings     | 1 2 3 4 |  4.0
Spellcasting   | 1 2 3 4 |  4.0
Ice Magic      | 1 2 3 4 |  4.0
Poison Magic   | 1 3 4 |  4.0
Transmutations | 1 2 4 |  4.0
Evocations     | 1 2 4 |  4.0
Fire Magic     | 1 2 4 |  4.0
Air Magic      | 1 3 |  3.6
Conjurations   | 1 2 3 |  3.2

Action                   |  1- 3 |  4- 6 |  7- 9 | 10-12 | 13-15 || total
-------------------------+-------+-------+-------+-------+-------++-------
Melee: Spear             |    89 |   164 |    43 |       |       ||   296
       Tailslap          |     5 |    21 |    43 |   119 |     5 ||   193
       Halberd           |       |       |   333 |   867 |       ||  1200
       Quarterstaff      |       |       |       |     5 |       ||     5
       Scythe            |       |       |       |   365 |    59 ||   424
 Fire: Hunting sling     |    33 |    70 |       |       |       ||   103
Throw: Dart              |     5 |    43 |    58 |    10 |       ||   116
Invok: Greater Healing   |       |       |       |    14 |       ||    14
       Heal Other        |       |       |       |     4 |       ||     4
       Lesser Healing    |       |       |       |     1 |       ||     1
       Divine Protection |       |       |       |     1 |     2 ||     3
 Abil: Breathe Acid      |       |       |     7 |    27 |       ||    34
Evoke: Wand              |       |       |       |     7 |       ||     7
  Use: Scroll            |       |     7 |     6 |    13 |       ||    26
       Potion            |       |     1 |     3 |     6 |       ||    10
 Stab: Sleeping          |     2 |       |     8 |    42 |       ||    52
       Distracted        |       |     1 |     2 |    12 |       ||    15
Armor: Skin              |    19 |    37 |    83 |   218 |    10 ||   367
Dodge: Dodged            |    55 |   120 |   154 |   819 |    51 ||  1199

Table legend: (Time is in decaauts)
 A = Elapsed time spent in this place.
 B = Non-inter-level travel time spent in this place.
 C = Inter-level travel time spent in this place.
 D = Time resting spent in this place.
 E = Time spent auto-exploring this place.
 F = Levels seen in this place.
 G = Mean time per level.
                   A        B        C        D        E       F      G
               +--------+--------+--------+--------+--------+-----+--------+
         Total |  24769 |  24009 |    760 |   7828 |  11501 |  17 | 1457.0 |
       Dungeon |  17770 |  17142 |    628 |   5420 |   8224 |  10 | 1777.0 |
        Temple |     59 |     51 |      8 |      0 |     50 |   1 |   59.0 |
          Lair |   4571 |   4447 |    124 |   1289 |   2358 |   4 | 1142.8 |
       Ossuary |    543 |    543 |      0 |    153 |    264 |   1 |  543.0 |
      Ice Cave |   1824 |   1824 |      0 |    964 |    604 |   1 | 1824.0 |
               +--------+--------+--------+--------+--------+-----+--------+

Top non-repeatable levels by time:
     D:7: 3401 daAuts
     D:9: 2759 daAuts
     D:2: 2091 daAuts
  Lair:1: 2005 daAuts
  Lair:2: 1859 daAuts
   IceCv: 1824 daAuts
    D:10: 1602 daAuts
     D:1: 1530 daAuts
     D:8: 1515 daAuts
     D:3: 1449 daAuts
     D:4: 1242 daAuts
     D:6: 1194 daAuts
     D:5: 984 daAuts
 Ossuary: 543 daAuts
  Lair:3: 504 daAuts
